[Event "ICC tourney 2883 (40 5)"]
[Site "Internet Chess Club"]
[Date "2022.04.16"]
[Round "1"]
[White "SARAFUDINOV, ANDREY:whyyoutrysohard"]
[Black "WILLY, STEPHEN:stephenwilly"]
[Result "1-0"]
[ICCResult "Black checkmated"]
[WhiteElo "1528"]
[BlackElo "1809"]
[Opening "Catalan: closed, main line"]
[ECO "E09"]
[NIC "QP.08"]
[Time "11:00:15"]
[PlyCount "111"]
[TimeControl "2400+5"]

1. d4 d5 2. c4 e6 3. Nf3 Nf6 4. g3 c6 5. Qc2 Be7 6. Bg2 O-O 7. O-O Nbd7 8.
Nbd2 Bd6 9. e4 e5 10. dxe5 Nxe5 11. Nxe5 Bxe5 12. cxd5 cxd5 13. exd5 Re8 14.
Nc4 Qc7 15. Qd3 Bf5 16. Qxf5 Qxc4 17. Rd1 Rad8 18. Qd3 Qb4 19. a3 Qb6 20.
Be3 Qxb2 21. Rab1 Qa2 22. Rd2 Qxd2 23. Qxd2 Rd7 24. Bxa7 Bd6 25. Bd4 Bxa3
26. Bxf6 gxf6 27. Qa2 Bc5 28. Rc1 b6 29. h3 Rde7 30. Bf3 Re3 31. fxe3 Bxe3+
32. Kg2 Bxc1 33. d6 Be3 34. d7 Rd8 35. Bc6 Kf8 36. Qb2 Ke7 37. Qe2 Kd6 38.
Ba4 Bc5 39. Qd3+ Kc7 40. Qxh7 Ra8 41. Qe4 Rb8 42. Qc6+ Kd8 43. Qxf6+ Be7 44.
Qxf7 b5 45. Qe8+ Kc7 46. Qxe7 Rd8 47. Qxd8+ Kxd8 48. Bxb5 Kc7 49. h4 Kd8 50.
h5 Kc7 51. h6 Kd8 52. h7 Kc7 53. g4 Kb7 54. d8=Q Ka7 55. Qc7+ Ka8 56. h8=Q#
{Black checkmated}
1-0

[Event "ICC tourney 2883 (40 5)"]
[Site "Internet Chess Club"]
[Date "2022.04.16"]
[Round "1"]
[White "SCHWETKE, DOUGLAS:Bilbo"]
[Black "PU, LANDON:landonp"]
[Result "0-1"]
[ICCResult "White resigns"]
[WhiteElo "1444"]
[BlackElo "1643"]
[Opening "Grünfeld: exchange, Spassky variation"]
[ECO "D87"]
[NIC "GI.05"]
[Time "11:00:17"]
[PlyCount "76"]
[TimeControl "2400+5"]

1. d4 Nf6 2. c4 g6 3. Nc3 d5 4. cxd5 Nxd5 5. e4 Nxc3 6. bxc3 Bg7 7. Bc4 c5
8. Ne2 O-O 9. Be3 Nc6 10. O-O Bd7 11. Rb1 b6 12. dxc5 bxc5 13. Bxc5 Qc7 14.
Be3 Na5 15. Ba6 Rfd8 16. Qc2 Nc4 17. Bg5 Na3 18. Rb7 Qxb7 19. Bxb7 Nxc2 20.
Bxa8 Rxa8 21. Rc1 f6 22. Bxf6 Bxf6 23. Rxc2 Rc8 24. f3 Bb5 25. Kf1 Rxc3 26.
Rxc3 Bxc3 27. Kf2 Bxe2 28. Kxe2 Be5 29. Kd3 Bxh2 30. Kc4 Bc7 31. Kd5 Kf7 32.
Kc6 Bb6 33. a4 e5 34. Kd5 Bd4 35. f4 Kf6 36. g4 h5 37. g5+ Ke7 38. fxe5 h4
{White resigns}
0-1

[Event "ICC tourney 2883 (40 5)"]
[Site "Internet Chess Club"]
[Date "2022.04.16"]
[Round "1"]
[White "WANG, JACOB S:JACOBCHESS857"]
[Black "CHENG, ADRIEN WEIHENG:hi321"]
[Result "0-1"]
[ICCResult "White resigns"]
[WhiteElo "1397"]
[BlackElo "1579"]
[Opening "Ruy Lopez: Caro variation"]
[ECO "C70"]
[NIC "RL.09"]
[Time "11:00:44"]
[PlyCount "50"]
[TimeControl "2400+5"]

1. e4 e5 2. Nf3 Nc6 3. Bb5 a6 4. Ba4 b5 5. Bb3 Nf6 6. O-O Bc5 7. c3 Ba7 8.
Re1 O-O 9. d4 d6 10. Bg5 h6 11. Bh4 Re8 12. Bd5 Bb7 13. dxe5 dxe5 14. Bxf6
Qxf6 15. Nbd2 Rad8 16. Qc2 Bc8 17. Nf1 Bg4 18. N1d2 Ne7 19. Bb3 Ng6 20. h3
Bxh3 21. gxh3 Rxd2 22. Qxd2 Qxf3 23. Qe2 Qg3+ 24. Kf1 Qxh3+ 25. Kg1 Nh4
{White resigns}
0-1

[Event "ICC tourney 2883 (40 5)"]
[Site "Internet Chess Club"]
[Date "2022.04.16"]
[Round "1"]
[White "Kobanenko, Mikhail:LightArt"]
[Black "GUO, ELLA:SunnyCountry"]
[Result "1-0"]
[ICCResult "Black checkmated"]
[WhiteElo "1568"]
[BlackElo "1324"]
[Opening "Sicilian: Najdorf, 7...Be7"]
[ECO "B98"]
[NIC "SI.09"]
[Time "11:00:22"]
[PlyCount "49"]
[TimeControl "2400+5"]

1. e4 c5 2. Nf3 d6 3. d4 cxd4 4. Nxd4 Nf6 5. Nc3 a6 6. Bg5 e6 7. f4 Be7 8.
Qf3 h6 9. Bh4 Nbd7 10. O-O-O Qc7 11. Bd3 Rb8 12. Rhe1 b5 13. Qg3 O-O 14. Nd5
Nxd5 15. exd5 Bxh4 16. Qxh4 Nc5 17. Nc6 Rb7 18. g4 Nxd3+ 19. Rxd3 Qd7 20. g5
hxg5 21. fxg5 exd5 22. Ne7+ Qxe7 23. Rxe7 Rxe7 24. g6 Re4 25. Qh7#
{Black checkmated}
1-0

[Event "ICC tourney 2883 (40 5)"]
[Site "Internet Chess Club"]
[Date "2022.04.16"]
[Round "1"]
[White "Doan Giang, Nguyen Doan:Doctorstrange04"]
[Black "GRESEN, EVAN MICHAEL:EVMIGR"]
[Result "1-0"]
[ICCResult "Black resigns"]
[WhiteElo "1821"]
[BlackElo "1566"]
[Opening "Queen's pawn: London system"]
[ECO "A45"]
[NIC "QP.07"]
[Time "11:00:45"]
[PlyCount "87"]
[TimeControl "2400+5"]

1. d4 Nf6 2. Bf4 d5 3. e3 e6 4. Nd2 c5 5. c3 Nc6 6. Ngf3 a6 7. Bd3 c4 8. Bc2
h6 9. Qe2 Bd6 10. Bg3 Qe7 11. e4 Bxg3 12. hxg3 b5 13. e5 Nd7 14. g4 Bb7 15.
g5 O-O-O 16. g6 f6 17. b3 fxe5 18. bxc4 dxc4 19. dxe5 Qc5 20. Ne4 Qa3 21.
Nd6+ Kb8 22. O-O Ndxe5 23. Nxe5 Nxe5 24. Nxb7 Rdf8 25. Qxe5+ Kxb7 26. Be4+
Kb6 27. Qxe6+ Ka5 28. Bb7 Rf6 29. Qe5 Rxg6 30. Be4 Rf6 31. Rab1 Qd6 32. Qh5
g6 33. Qe2 Re8 34. a4 Rf4 35. f3 Rh4 36. axb5 Qh2+ 37. Kf2 Rexe4 38. fxe4
Rf4+ 39. Ke3 Qg3+ 40. Rf3 Rxe4+ 41. Kxe4 Qg4+ 42. Ke3 Qg5+ 43. Kf2 Qh4+ 44.
Kg1 {Black resigns} 1-0

[Event "ICC tourney 2883 (40 5)"]
[Site "Internet Chess Club"]
[Date "2022.04.16"]
[Round "1"]
[White "VIDENA, DANIEL TUAPEN:Davide25"]
[Black "AKULA, MAHIT:Judtyr123"]
[Result "0-1"]
[ICCResult "White resigns"]
[WhiteElo "1674"]
[BlackElo "1446"]
[Opening "Nimzo-Indian: classical variation"]
[ECO "E32"]
[NIC "NI.24"]
[Time "11:01:46"]
[PlyCount "152"]
[TimeControl "2400+5"]

1. d4 Nf6 2. c4 e6 3. Nc3 Bb4 4. Qc2 O-O 5. Nf3 b6 6. Bg5 Bb7 7. e3 h6 8.
Bh4 c5 9. Be2 d5 10. cxd5 exd5 11. O-O Nbd7 12. Rfd1 Rc8 13. Ne5 cxd4 14.
exd4 Qc7 15. Bg3 Ne4 16. Nxd7 Qxd7 17. Rd3 Ba6 18. Re3 Bxe2 19. Qxe2 Bxc3
20. bxc3 Nxc3 21. Qe1 Ne4 22. Rc1 Nxg3 23. hxg3 Rfe8 24. Rxc8 Rxc8 25. Re7
Qa4 26. Qd2 a5 27. Ra7 Qc2 28. Qf4 Qb1+ 29. Kh2 Qg6 30. g4 Rc2 31. Rd7 Rxa2
32. Rd6 Qg5 33. Qxg5 hxg5 34. Rxb6 Rxf2 35. Rb5 a4 36. Rxd5 f6 37. Ra5 Rf4
38. Rxa4 Rxg4 39. Ra8+ Kf7 40. Rd8 Ke6 41. Kh3 Rh4+ 42. Kg3 Kf5 43. Rd5+ Ke6
44. Rd8 g6 45. Kf3 f5 46. Rg8 Kf7 47. Rd8 Re4 48. g3 g4+ 49. Kf2 Ke7 50. Rg8
Re6 51. Ra8 Rd6 52. Ke3 Kf6 53. Ra4 g5 54. Ra3 f4+ 55. Kf2 Rxd4 56. Ra6+ Ke5
57. Ra5+ Rd5 58. Ra8 f3 59. Re8+ Kf5 60. Rf8+ Kg6 61. Rg8+ Kf7 62. Ra8 Rd2+
63. Kf1 Rg2 64. Ra7+ Kg6 65. Ra6+ Kh5 66. Ra8 Rxg3 67. Rh8+ Kg6 68. Rg8+ Kf7
69. Rxg5 Kf6 70. Ra5 Rg2 71. Rh5 Re2 72. Ra5 g3 73. Ra6+ Kf5 74. Ra5+ Kg4
75. Ra4+ Kh3 76. Ra1 g2+ {White resigns} 0-1

[Event "ICC tourney 2883 (40 5)"]
[Site "Internet Chess Club"]
[Date "2022.04.16"]
[Round "1"]
[White "HANKE, HARVEY:ThinkingPanda"]
[Black "WU, WINSTON:K01-30022609"]
[Result "1-0"]
[ICCResult "Black checkmated"]
[WhiteElo "1642"]
[BlackElo "1428"]
[Opening "French: exchange variation"]
[ECO "C01"]
[NIC "FR.01"]
[Time "11:00:19"]
[PlyCount "81"]
[TimeControl "2400+5"]

1. e4 e6 2. d4 d5 3. exd5 exd5 4. Nf3 Nc6 5. Bd3 Bd6 6. O-O Nge7 7. c3 Bg4
8. Re1 Qd7 9. b4 O-O-O 10. Nbd2 Bf4 11. Qa4 a6 12. Ba3 Ng6 13. Bxa6 bxa6 14.
Qxa6+ Kb8 15. b5 Na7 16. Bc5 Nxb5 17. a4 Qc8 18. Qxb5+ Qb7 19. Qd3 Qa8 20.
a5 Bxd2 21. Nxd2 Nf4 22. Qe3 Ne2+ 23. Rxe2 Bxe2 24. Qxe2 Rde8 25. Rb1+ Kc8
26. Qg4+ Re6 27. Bb4 Re8 28. Nf3 g6 29. Qf4 f5 30. Ne5 Qc6 31. h3 Qa4 32.
Qc1 Ra6 33. Bc5 Rxa5 34. Bb4 Ra8 35. Qb2 Rb8 36. Ra1 Qb5 37. Qa3 Re6 38. Qa5
Qe2 39. Qxd5 Reb6 40. Nc6 R6b7 41. Qd8# {Black checkmated} 1-0

[Event "ICC tourney 2883 (40 5)"]
[Site "Internet Chess Club"]
[Date "2022.04.16"]
[Round "2"]
[White "WILLY, STEPHEN:stephenwilly"]
[Black "LIN, GABRIEL:danaglin"]
[Result "1-0"]
[ICCResult "Black resigns"]
[WhiteElo "1809"]
[BlackElo "1505"]
[Opening "French defense, Steiner variation"]
[ECO "C00"]
[NIC "FR.01"]
[Time "13:00:16"]
[PlyCount "37"]
[TimeControl "2400+5"]

1. e4 e6 2. c4 d5 3. cxd5 exd5 4. Qb3 c6 5. Nc3 Nf6 6. e5 Nfd7 7. d4 Be7 8.
Bd3 Qb6 9. Be3 Qxb3 10. axb3 Nf8 11. f4 g6 12. Nf3 Ne6 13. Ke2 Nd7 14. g4 f5
15. gxf5 gxf5 16. Bxf5 Ng7 17. Bd3 Kf7 18. f5 Ne8 19. e6+ {Black resigns}
1-0

[Event "ICC tourney 2883 (40 5)"]
[Site "Internet Chess Club"]
[Date "2022.04.16"]
[Round "2"]
[White "PU, LANDON:landonp"]
[Black "SARAFUDINOV, ANDREY:whyyoutrysohard"]
[Result "1-0"]
[ICCResult "Black resigns"]
[WhiteElo "1643"]
[BlackElo "1528"]
[Opening "Scandinavian (center counter) defense"]
[ECO "B01"]
[NIC "SD.02"]
[Time "13:00:12"]
[PlyCount "37"]
[TimeControl "2400+5"]

1. e4 d5 2. exd5 Qxd5 3. Nc3 Qd8 4. Bc4 c5 5. Nf3 Nf6 6. d4 cxd4 7. Nxd4 e6
8. O-O Bc5 9. Be3 O-O 10. Nxe6 fxe6 11. Bxc5 Re8 12. Qxd8 Rxd8 13. Rfe1 Kf7
14. Nb5 Na6 15. Ba3 Ne8 16. Re3 Bd7 17. Rf3+ Kg6 18. Bd3+ Kg5 19. Be7+
{Black resigns}
1-0

[Event "ICC tourney 2883 (40 5)"]
[Site "Internet Chess Club"]
[Date "2022.04.16"]
[Round "2"]
[White "WU, WINSTON:K01-30022609"]
[Black "VIDENA, DANIEL TUAPEN:Davide25"]
[Result "0-1"]
[ICCResult "White checkmated"]
[WhiteElo "1428"]
[BlackElo "1674"]
[Opening "Caro-Kann: Panov-Botvinnik attack"]
[ECO "B13"]
[NIC "CK.03"]
[Time "13:00:21"]
[PlyCount "70"]
[TimeControl "2400+5"]

1. e4 c6 2. d4 d5 3. exd5 cxd5 4. c4 Nf6 5. Nc3 Nc6 6. Be3 Bg4 7. Nf3 e6 8.
c5 Be7 9. h3 Bxf3 10. Qxf3 O-O 11. Be2 Rc8 12. O-O e5 13. dxe5 Nxe5 14. Qg3
Nc6 15. Rfd1 d4 16. Na4 Qa5 17. b3 dxe3 18. Qxe3 Rfe8 19. Qd2 Qxd2 20. Rxd2
Ne4 21. Rc2 Nd4 22. Rc4 Nxe2+ 23. Kf1 Nd2+ 24. Kxe2 Nxc4 25. bxc4 Bf6+ 26.
Kf3 Bxa1 27. Kg3 Bd4 28. f3 Rc6 29. Kh2 Ra6 30. c6 bxc6 31. Nb6 Rxb6 32. g4
Be5+ 33. Kg2 Rb2+ 34. Kf1 Bg3 35. f4 Re1# {White checkmated} 0-1

[Event "ICC tourney 2883 (40 5)"]
[Site "Internet Chess Club"]
[Date "2022.04.16"]
[Round "2"]
[White "GUO, ELLA:SunnyCountry"]
[Black "SCHWETKE, DOUGLAS:Bilbo"]
[Result "1/2-1/2"]
[ICCResult "Game drawn by repetition"]
[WhiteElo "1324"]
[BlackElo "1444"]
[Opening "Sicilian: Najdorf, Lipnitzky attack"]
[ECO "B86"]
[NIC "SI.13"]
[Time "13:01:49"]
[PlyCount "92"]
[TimeControl "2400+5"]

1. e4 c5 2. Nf3 d6 3. d4 cxd4 4. Nxd4 Nf6 5. Nc3 a6 6. Bc4 e6 7. Bb3 Nbd7 8.
Bg5 Nc5 9. a3 Be7 10. f3 O-O 11. O-O e5 12. Nde2 Nxb3 13. cxb3 Be6 14. Kh1
Rc8 15. b4 h6 16. Be3 Qd7 17. Na4 Qc6 18. Rc1 Qb5 19. Nec3 Qe8 20. Nb6 Rd8
21. Nbd5 Rc8 22. Qd2 Nxd5 23. Nxd5 Rxc1 24. Rxc1 f5 25. Nc7 Qf7 26. Nxe6
Qxe6 27. Qd5 Qxd5 28. exd5 Bd8 29. f4 e4 30. Kg1 Rf7 31. Rc8 Rf8 32. Rc2 Kf7
33. Kf2 g5 34. g3 Kg6 35. b3 Rf7 36. Rc8 Rd7 37. a4 Kf7 38. Rc4 g4 39. a5
Bf6 40. Bb6 Ke8 41. Rc8+ Kf7 42. Rc4 Ke8 43. Rc8+ Ke7 44. Rc4 Ke8 45. Rc8+
Ke7 46. Rc4 Ke8 {Game drawn by repetition} 1/2-1/2

[Event "ICC tourney 2883 (40 5)"]
[Site "Internet Chess Club"]
[Date "2022.04.16"]
[Round "2"]
[White "GRESEN, EVAN MICHAEL:EVMIGR"]
[Black "WANG, JACOB S:JACOBCHESS857"]
[Result "1/2-1/2"]
[ICCResult "Game drawn by repetition"]
[WhiteElo "1566"]
[BlackElo "1397"]
[Opening "KGA: Abbazia defense (classical defense, modern defense[!])"]
[ECO "C36"]
[NIC "KG.02"]
[Time "13:00:18"]
[PlyCount "146"]
[TimeControl "2400+5"]

1. e4 e5 2. f4 exf4 3. Nf3 d5 4. exd5 Qxd5 5. Nc3 Qe6+ 6. Be2 Nf6 7. O-O Be7
8. Bb5+ Bd7 9. d4 O-O 10. Bxf4 Bb4 11. Bd3 Bxc3 12. bxc3 Nd5 13. Ng5 Qg4 14.
Qxg4 Bxg4 15. Bxh7+ Kh8 16. Be4 c6 17. Bd6 Re8 18. Nxf7+ Kg8 19. Bxd5 cxd5
20. Ne5 Be6 21. Rae1 Kh7 22. Nf3 Kg6 23. h4 Nc6 24. Ne5+ Nxe5 25. Rxe5 Kh7
26. Rfe1 Bd7 27. Rxe8 Rxe8 28. Rxe8 Bxe8 29. Kf2 Ba4 30. Ke3 Bxc2 31. Kf4
Bd3 32. g4 b5 33. Bc5 a6 34. Ke5 Bc4 35. a3 g6 36. Kf6 Bd3 37. Be7 Bc2 38.
Ke6 Bb3 39. Kd6 Bc4 40. Kc6 a5 41. a4 bxa4 42. Kb6 Bb3 43. Kxa5 Kg7 44. Kb6
Kf7 45. Ba3 Kg7 46. Kc6 Kf7 47. Kd6 Bc4 48. Ke5 Bb3 49. Bc1 Kg7 50. Ke6 Bc4
51. Kd6 Kf7 52. Kc5 Kg7 53. Kb4 Bb3 54. c4 Bxc4 55. Kxa4 Be2 56. g5 Bd3 57.
Kb4 Be4 58. Kc5 Bf3 59. Kd6 Be4 60. Bf4 Kf7 61. Ke5 Bf3 62. Bc1 Be4 63. Kf4
Ke6 64. Ba3 Kf7 65. Kg4 Bf5+ 66. Kf4 Be4 67. Bd6 Ke6 68. Be5 Kf7 69. Bf6 Ke6
70. Kg4 Bf5+ 71. Kf4 Be4 72. Be5 Kf7 73. Bf6 Ke6 {Game drawn by repetition}
1/2-1/2

[Event "ICC tourney 2883 (40 5)"]
[Site "Internet Chess Club"]
[Date "2022.04.16"]
[Round "2"]
[White "CHENG, ADRIEN WEIHENG:hi321"]
[Black "Doan Giang, Nguyen Doan:Doctorstrange04"]
[Result "1/2-1/2"]
[ICCResult "Game drawn by mutual agreement"]
[WhiteElo "1579"]
[BlackElo "1821"]
[Opening "Bird's opening"]
[ECO "A02"]
[NIC "VO.07"]
[Time "13:00:14"]
[PlyCount "96"]
[TimeControl "2400+5"]

1. f4 c5 2. Nf3 g6 3. e3 Bg7 4. Nc3 Nf6 5. Be2 O-O 6. O-O Nc6 7. Bb5 d5 8.
Bxc6 bxc6 9. d4 cxd4 10. exd4 Bg4 11. Qd3 Qb6 12. Ne5 Bf5 13. Qd1 Rad8 14.
Kh1 Ne4 15. Na4 Qb5 16. b3 h5 17. Ba3 Rfe8 18. Rc1 h4 19. Bc5 Qa6 20. Bb4
Rc8 21. Nc5 Nxc5 22. Bxc5 Qxa2 23. Rf2 h3 24. Ra1 Qb2 25. Bb4 hxg2+ 26. Kg1
Bxe5 27. fxe5 c5 28. Bxc5 Qc3 29. Ra2 Be4 30. Ra1 Rxc5 31. dxc5 Qxc5 32. Qd2
Kg7 33. Qf4 Rf8 34. c4 Qd4 35. Re1 f5 36. cxd5 Qxd5 37. Qe3 a5 38. Qc3 g5
39. Rd2 Qb5 40. Qc7 Qb4 41. Rde2 Rf7 42. e6 Rf6 43. Qe5 Qb6+ 44. Rf2 Kg6 45.
Qg3 Rxe6 46. h4 g4 47. Qf4 Kf7 48. Rxe4 g3 {Game drawn by mutual agreement}
1/2-1/2

[Event "ICC tourney 2883 (40 5)"]
[Site "Internet Chess Club"]
[Date "2022.04.16"]
[Round "2"]
[White "GHOSH, YOHAN:luckylion"]
[Black "Kobanenko, Mikhail:LightArt"]
[Result "1-0"]
[ICCResult "Black resigns"]
[WhiteElo "1035"]
[BlackElo "1568"]
[Opening "Sicilian: Najdorf, Opocensky variation"]
[ECO "B92"]
[NIC "SI.11"]
[Time "13:00:16"]
[PlyCount "79"]
[TimeControl "2400+5"]

1. e4 c5 2. Nf3 d6 3. d4 cxd4 4. Nxd4 Nf6 5. Nc3 a6 6. Be2 e5 7. Nb3 Be7 8.
Be3 Qc7 9. O-O O-O 10. h3 b5 11. Nd5 Nxd5 12. Qxd5 Bb7 13. Qd3 Nc6 14. c3
Nd8 15. a4 Ne6 16. axb5 axb5 17. f3 Bc6 18. Rfd1 Rfd8 19. Qc2 Rxa1 20. Rxa1
Nc5 21. Nxc5 dxc5 22. Qb3 c4 23. Qc2 Ra8 24. Rxa8+ Bxa8 25. b4 Bb7 26. Qa2
Qd8 27. Qa7 Bc6 28. Bb6 Qf8 29. Qc7 Be8 30. Qxe5 Bf6 31. Qd5 Qe7 32. Bc5 Qc7
33. Bd4 Bc6 34. Qc5 Qd8 35. Bxf6 Qxf6 36. e5 Qg6 37. Qb6 h5 38. Qd8+ Kh7 39.
Bd1 Qg5 40. Qxg5 {Black resigns} 1-0

[Event "ICC tourney 2883 (40 5)"]
[Site "Internet Chess Club"]
[Date "2022.04.16"]
[Round "2"]
[White "AKULA, MAHIT:Judtyr123"]
[Black "HANKE, HARVEY:ThinkingPanda"]
[Result "1-0"]
[ICCResult "Black checkmated"]
[WhiteElo "1446"]
[BlackElo "1642"]
[Opening "King's Indian: fianchetto, classical variation, 8.e4"]
[ECO "E68"]
[NIC "KI.64"]
[Time "13:00:14"]
[PlyCount "151"]
[TimeControl "2400+5"]

1. d4 Nf6 2. c4 g6 3. Nf3 Bg7 4. g3 O-O 5. Bg2 d6 6. O-O Nbd7 7. Nc3 e5 8.
e4 exd4 9. Nxd4 Re8 10. h3 Nc5 11. Re1 a5 12. b3 Nfd7 13. Bb2 Ne5 14. Re3 a4
15. f4 a3 16. Bc1 Nc6 17. Nxc6 bxc6 18. Bd2 Bd4 19. Kh2 Bxe3 20. Bxe3 Ne6
21. f5 Ng7 22. fxg6 fxg6 23. Qd4 Bb7 24. Re1 Qe7 25. Qd2 Rf8 26. Bg5 Qe6 27.
h4 Nh5 28. e5 dxe5 29. Ne4 Bc8 30. Nc5 Qd6 31. Qxd6 cxd6 32. Bxc6 Rb8 33.
Ne4 Bb7 34. Bxb7 Rxb7 35. Rd1 Rd7 36. c5 d5 37. g4 Nf4 38. Nf6+ Rxf6 39.
Bxf6 e4 40. Be5 Nd3 41. c6 Rd8 42. c7 Rc8 43. Bg3 Kf7 44. Kg2 Ke6 45. g5 Ne5
46. Rf1 Rxc7 47. Rf6+ Ke7 48. Bxe5 Rc2+ 49. Rf2 Rc8 50. Bf6+ Kd6 51. Bd4 Ke7
52. b4 Rc7 53. Bc5+ Ke8 54. Rf8+ Kd7 55. Rf7+ Kc6 56. Rxc7+ Kxc7 57. Kf2 Kc6
58. Ke3 Kb5 59. Kd4 e3 60. Kxe3 Kc4 61. Bd6 d4+ 62. Kd2 Kd5 63. Be7 Kc4 64.
Bf8 Kd5 65. Kd3 Ke6 66. Kxd4 Kf5 67. b5 Kg4 68. b6 Kxh4 69. b7 Kxg5 70. b8=Q
h5 71. Qg3+ Kf6 72. Bd6 Kf7 73. Qg5 h4 74. Qe7+ Kg8 75. Be5 h3 76. Qg7#
{Black checkmated}
1-0

[Event "ICC tourney 2883 (40 5)"]
[Site "Internet Chess Club"]
[Date "2022.04.16"]
[Round "3"]
[White "WILLY, STEPHEN:stephenwilly"]
[Black "CHENG, ADRIEN WEIHENG:hi321"]
[Result "1-0"]
[ICCResult "Black resigns"]
[WhiteElo "1809"]
[BlackElo "1579"]
[Opening "Ponziani: Jaenisch counter-attack"]
[ECO "C44"]
[NIC "KP.05"]
[Time "15:00:13"]
[PlyCount "45"]
[TimeControl "2400+5"]

1. e4 e5 2. Nf3 Nc6 3. c3 Nf6 4. d4 exd4 5. e5 Nd5 6. Bc4 Nb6 7. Bb3 d5 8.
cxd4 Bb4+ 9. Nc3 a5 10. Bc2 Ne7 11. O-O O-O 12. Bg5 Bg4 13. Qd3 g6 14. Bf6
Qd7 15. Qe3 Rfe8 16. Qh6 Nf5 17. Bxf5 Bf8 18. Bxd7 Bxh6 19. Bxg4 c6 20. Ng5
Bxg5 21. Bxg5 Nc4 22. b3 Nb6 23. f4 {Black resigns} 1-0

[Event "ICC tourney 2883 (40 5)"]
[Site "Internet Chess Club"]
[Date "2022.04.16"]
[Round "3"]
[White "Doan Giang, Nguyen Doan:Doctorstrange04"]
[Black "GHOSH, YOHAN:luckylion"]
[Result "1-0"]
[ICCResult "Black resigns"]
[WhiteElo "1821"]
[BlackElo "1035"]
[Opening "Queen's pawn: London system"]
[ECO "A45"]
[NIC "QP.07"]
[Time "15:00:19"]
[PlyCount "51"]
[TimeControl "2400+5"]

1. d4 Nf6 2. Bf4 d6 3. e3 c6 4. Nf3 g6 5. h3 Bg7 6. Be2 Bd7 7. O-O a5 8. a4
Na6 9. c3 O-O 10. Nbd2 c5 11. Bh2 cxd4 12. exd4 Qb6 13. Nc4 Qd8 14. Re1 Rc8
15. Bd3 Re8 16. Qb3 Be6 17. Rxe6 fxe6 18. Ng5 d5 19. Ne5 Nc7 20. Ngf7 Qd7
21. Nxd7 Nxd7 22. Ng5 Nf8 23. Qxb7 Na8 24. Bb5 Red8 25. Qxe7 Rd7 26. Bxd7
{Black resigns}
1-0

[Event "ICC tourney 2883 (40 5)"]
[Site "Internet Chess Club"]
[Date "2022.04.16"]
[Round "3"]
[White "SCHWETKE, DOUGLAS:Bilbo"]
[Black "GRESEN, EVAN MICHAEL:EVMIGR"]
[Result "0-1"]
[ICCResult "White resigns"]
[WhiteElo "1444"]
[BlackElo "1566"]
[Opening "QGD semi-Slav"]
[ECO "D43"]
[NIC "SL.03"]
[Time "15:00:17"]
[PlyCount "138"]
[TimeControl "2400+5"]

1. d4 d5 2. c4 c6 3. Nf3 Nf6 4. Nc3 e6 5. Bg5 h6 6. Bh4 dxc4 7. e4 Be7 8.
Bxc4 g5 9. Bg3 b5 10. Bb3 b4 11. e5 bxc3 12. exf6 cxb2 13. fxe7 Qa5+ 14. Nd2
bxa1=Q 15. Qxa1 Kxe7 16. Qc1 Ba6 17. Qc5+ Qxc5 18. dxc5 Nd7 19. Bd6+ Kf6 20.
Ne4+ Kg6 21. f3 Bd3 22. Kf2 Bxe4 23. fxe4 Nf6 24. Bc2 e5 25. Rb1 Rhd8 26.
Ke3 h5 27. h3 Nd7 28. Ba4 Rac8 29. Rb7 Nf8 30. Bb3 Rd7 31. Rxd7 Nxd7 32. Ba4
h4 33. Kf3 Kf6 34. Kg4 Kg6 35. Bc2 f6 36. Bb3 Nb8 37. Be6 Rd8 38. Bc4 Nd7
39. Bb3 Nf8 40. Ba4 Rc8 41. Bb3 Kg7 42. Kf5 Ng6 43. Be6 Rd8 44. Bb3 Rd7 45.
Ba4 Kf7 46. Bxc6 Ne7+ 47. Bxe7 Rxe7 48. Bd5+ Kg7 49. c6 Rc7 50. Ke6 a5 51.
Kd6 Rc8 52. Kd7 Rf8 53. c7 f5 54. c8=Q Rxc8 55. Kxc8 Kf6 56. Kd7 g4 57. hxg4
fxg4 58. Be6 Kg5 59. Bf5 Kf4 60. Kd6 h3 61. gxh3 g3 62. h4 g2 63. h5 g1=Q
64. h6 Qb6+ 65. Kd5 Qxh6 66. Kc4 Qb6 67. Kd5 Qd4+ 68. Ke6 Qc4+ 69. Kd6 Qxa2
{White resigns}
0-1

[Event "ICC tourney 2883 (40 5)"]
[Site "Internet Chess Club"]
[Date "2022.04.16"]
[Round "3"]
[White "HANKE, HARVEY:ThinkingPanda"]
[Black "SARAFUDINOV, ANDREY:whyyoutrysohard"]
[Result "0-1"]
[ICCResult "White checkmated"]
[WhiteElo "1642"]
[BlackElo "1528"]
[Opening "Scandinavian (center counter) defense"]
[ECO "B01"]
[NIC "SD.02"]
[Time "15:00:11"]
[PlyCount "72"]
[TimeControl "2400+5"]

1. e4 d5 2. exd5 Qxd5 3. Nc3 Qd8 4. d4 Nf6 5. Nf3 Bf5 6. Bd3 Bxd3 7. Qxd3 c6
8. O-O e6 9. Bg5 Be7 10. Rfe1 Nbd7 11. Rad1 O-O 12. a3 c5 13. d5 exd5 14.
Nxd5 Nxd5 15. Bxe7 Nxe7 16. Qxd7 Ng6 17. Qxb7 Qa5 18. Qb3 Rab8 19. Qa2 Rb6
20. Nd2 Qb5 21. Nc4 Rf6 22. b3 Nf4 23. f3 Rg6 24. Ne3 Nh3+ 25. Kh1 Nf2+ 26.
Kg1 Nh3+ 27. Kh1 Nf2+ 28. Kg1 Nxd1 29. Nxd1 Qc6 30. Kh1 Re8 31. Rf1 Re2 32.
Nf2 Qd6 33. Ne4 Qd4 34. Rg1 Rexg2 35. Rf1 Rg1+ 36. Rxg1 Qxg1# {White
checkmated} 0-1

[Event "ICC tourney 2883 (40 5)"]
[Site "Internet Chess Club"]
[Date "2022.04.16"]
[Round "3"]
[White "LIN, GABRIEL:danaglin"]
[Black "GUO, ELLA:SunnyCountry"]
[Result "1/2-1/2"]
[ICCResult "Game drawn by repetition"]
[WhiteElo "1505"]
[BlackElo "1324"]
[Opening "Sicilian: Alapin's variation (2.c3)"]
[ECO "B22"]
[NIC "SI.46"]
[Time "15:00:38"]
[PlyCount "68"]
[TimeControl "2400+5"]

1. e4 c5 2. c3 d5 3. exd5 Qxd5 4. d4 e6 5. Nf3 Nc6 6. Be3 cxd4 7. Nxd4 a6 8.
c4 Qd7 9. Be2 Nf6 10. Nc3 Be7 11. O-O O-O 12. a3 Rd8 13. Nxc6 Qxc6 14. Qc2
Rb8 15. b4 b6 16. Na4 b5 17. Nb2 Bb7 18. Bf3 Qc7 19. Bxb7 Rxb7 20. Qe2 Qb8
21. Rac1 bxc4 22. Nxc4 Nd5 23. Na5 Nxe3 24. Qxe3 Bd6 25. Nxb7 Bxh2+ 26. Kh1
Bf4 27. Qf3 Rd7 28. Rc4 e5 29. Nc5 Rd6 30. Ne4 Rh6+ 31. Kg1 Bh2+ 32. Kh1
Bf4+ 33. Kg1 Bh2+ 34. Kh1 Bf4+ {Game drawn by repetition} 1/2-1/2

[Event "ICC tourney 2883 (40 5)"]
[Site "Internet Chess Club"]
[Date "2022.04.16"]
[Round "3"]
[White "AKULA, MAHIT:Judtyr123"]
[Black "PU, LANDON:landonp"]
[Result "1-0"]
[ICCResult "Black checkmated"]
[WhiteElo "1446"]
[BlackElo "1643"]
[Opening "Vienna gambit"]
[ECO "C29"]
[NIC "VG.04"]
[Time "15:04:49"]
[PlyCount "111"]
[TimeControl "2400+5"]

1. e4 e5 2. Nc3 Nf6 3. f4 d6 4. Nf3 Nc6 5. Bc4 Be7 6. d3 a6 7. O-O O-O 8. h3
exf4 9. Bxf4 Na5 10. Bb3 Nxb3 11. axb3 Be6 12. d4 d5 13. e5 Ne4 14. Qe2 Bf5
15. Rad1 Bb4 16. Nxe4 Bxe4 17. Ng5 Bg6 18. c3 Be7 19. Nf3 Re8 20. c4 c6 21.
c5 b6 22. b4 a5 23. e6 axb4 24. exf7+ Bxf7 25. Ne5 Rc8 26. Nxf7 Kxf7 27.
Bc7+ Bf6 28. Qh5+ Kg8 29. Bxd8 Rcxd8 30. cxb6 Rb8 31. b3 Re3 32. Rf3 Re4 33.
Rfd3 Rxb6 34. Qf5 h6 35. Qc8+ Kh7 36. Qc7 Ra6 37. Qb7 Ra2 38. R1d2 Ra1+ 39.
Kh2 Bg5 40. Rc2 Ree1 41. Kg3 Re4 42. Qxb4 Rf1 43. Rf3 Rh1 44. Rff2 h5 45.
Qf8 h4+ 46. Kf3 Rd1 47. g3 Rd3+ 48. Kg2 Rxg3+ 49. Kf1 Rxd4 50. Qf5+ Kh8 51.
Qc8+ Kh7 52. Rf8 Rd1+ 53. Ke2 Rh1 54. Qf5+ g6 55. Qf7+ Kh6 56. Rh8#
{Black checkmated}
1-0